 Dungeon Crawl Stone Soup version 0.19.5 (webtiles) character file.

191 Jerry the Chopper (level 5, -1/69 HPs)
             Began as a Hill Orc Gladiator on Mar 23, 2017.
             Was an Initiate of Okawaru.
             Succumbed to an orc wizard's poison
             ... on level 4 of the Dungeon.
             The game lasted 00:04:17 (2537 turns).

Jerry the Chopper (Hill Orc Gladiator)              Turns: 2537, Time: 00:04:18

Health: -1/69      AC:  9    Str: 24    XL:     5   Next: 70%
Magic:  6/6        EV:  9    Int:  8    God:    Okawaru [......]
Gold:   138        SH:  0    Dex: 11    Spells: 0 memorised, 4 levels left

rFire  . . .     SeeInvis .     a - +0 war axe
rCold  . . .     Gourm    .     x - +0 chain mail
rNeg   + . .     Faith    .     (no shield)
rPois  .         Spirit   .     c - +0 helmet
rElec  .         Reflect  .     (no cloak)
rCorr  .         Harm     .     (no gloves)
MR     .....                    (no boots)
Stlth  ..........               (no amulet)
                                (no ring)
                                s - ring of positive energy

@: berserking, lethally poisoned (-1 -> -45), very quick
A: no striking features
a: Renounce Religion


You were on level 4 of the Dungeon.
You worshipped Okawaru.
Okawaru was noncommittal.
You were very hungry.

You visited 1 branch of the dungeon, and saw 4 of its levels.

You collected 138 gold pieces.

Inventory:

Hand Weapons
 a - a +0 war axe (weapon)
Missiles
 d - 3 throwing nets (quivered)
Armour
 b - a +0 leather armour
 c - a +0 helmet (worn)
 x - a +0 chain mail (worn)
Jewellery
 s - a ring of positive energy (left hand)
Scrolls
 e - 2 scrolls of recharging {unknown}
 l - a scroll of teleportation {unknown}
 m - a scroll of noise {unknown}
 o - 3 scrolls of enchant weapon {unknown}
 p - 3 scrolls of remove curse {unknown}
 r - a scroll of blinking {unknown}
 t - a scroll of identify {unknown}
 u - a scroll of fear {unknown}
Potions
 h - a potion of haste {unknown}
 i - a potion of cure mutation {unknown}
 k - 2 potions of heal wounds {unknown}
 n - a potion of berserk rage
 q - a potion of lignification {unknown}
 v - a potion of degeneration {unknown}
 w - a potion of invisibility {unknown}
Books
 g - a book of Conjurations

   Spells                             Type                      Level
   a - Magic Dart                     Conjuration                  1
   b - Searing Ray                    Conjuration                  2
   c - Dazzling Spray                 Conjuration/Hexes            3
   d - Fulminant Prism                Conjuration/Hexes            4
   e - Iskenderun's Mystic Blast      Conjuration                  4
   f - Iskenderun's Battlesphere      Conjuration/Charms           5
Comestibles
 f - a bread ration
 j - 2 meat rations


   Skills:
 + Level 4.2 Fighting
 * Level 6.0 Axes
 - Level 1.7 Throwing
 + Level 2.2 Armour
 - Level 2.4 Dodging
 + Level 2.1 Invocations


You had 4 spell levels left.
You didn't know any spells.

Dungeon Overview and Level Annotations

Branches:
Dungeon (4/15)
 Temple: D:4-7

Altars:
Okawaru


Message History

You miss something.
* * * LOW HITPOINT WARNING * * *
You feel very sick. Something hits you but does no damage.
You are more poisoned.
You closely miss something.
* * * LOW HITPOINT WARNING * * *
You feel very sick. Something hits you but does no damage.
You are more poisoned.
You miss something.
* * * LOW HITPOINT WARNING * * *
You feel very sick. Something hits you.
* * * LOW HITPOINT WARNING * * *
You are more poisoned.
It was a potion of berserk rage.
A red film seems to cover your vision as you go berserk!
You feel yourself moving faster!
You feel mighty!
You die...

......#...# ..#
......#>..#
##...#
......#...#
#.....#
..........#
##......#
..........#
###.[.....#
.........##
##..#......#
.........##
##..##......#
.≈≈≈≈≈.#..##
###).## #.....#
.≈###≈.##..##
##@.### .....#
..
+..###..###..##
#....# #≈ #≈.#
###.#..## ....#
≈≈##
##.<#.......
#...# ####
#...........
#............
#............
#.............
#..............


There were no monsters in sight!

Vanquished Creatures
  An orc priest (D:4)
  A worker ant (D:3)
  7 adders
  An ooze (D:2)
  A worm (D:4)
  4 dart slugs
  A leopard gecko (D:2)
  3 orcs
  10 bats
  3 giant cockroaches
  7 goblins
  4 hobgoblins
  2 jackals (D:3)
  2 kobolds
  A quokka (D:3)
  4 frilled lizards
  12 rats
64 creatures vanquished.

Notes
Turn   | Place    | Note
-------+----------+-------------------------------------------
     0 | D:1      | Jerry the Hill Orc Gladiator began the quest for the Orb.
     0 | D:1      | Reached XP level 1. HP: 18/18 MP: 1/1
    38 | D:1      | Reached XP level 2. HP: 24/25 MP: 2/2
   425 | D:1      | Reached skill level 1 in Armour
   556 | D:1      | Reached XP level 3. HP: 30/31 MP: 3/3
   756 | D:2      | Reached skill level 5 in Axes
   979 | D:2      | Reached XP level 4. HP: 31/38 MP: 4/4
  1045 | D:2      | Found an iron altar of Okawaru.
  1114 | D:2      | Became a worshipper of Warmaster Okawaru
  1414 | D:3      | Reached skill level 1 in Invocations
  1775 | D:3      | Reached XP level 5. HP: 46/46 MP: 5/5
  2522 | D:4      | Reached skill level 6 in Axes
  2536 | D:4      | HP: 2/46 [something (4)]
  2537 | D:4      | Succumbed to an orc wizard's poison

Skill      XL: |  1  2  3  4  5 |
---------------+----------------+-----
Fighting       | 3 4 |  4.2
Armour         | 1 2 |  2.2
Axes           | 5 6 |  6.0
Invocations    | 1 2 |  2.1
Throwing       | |  1.7
Dodging        | |  2.4

Action                   |  1- 3 |  4- 6 || total
-------------------------+-------+-------++-------
Melee: War axe           |    83 |    72 ||   155
  Use: Potion            |       |     1 ||     1
  Eat: Chunk             |       |     4 ||     4
Armor: Leather armour    |    27 |    27 ||    54
       Chain mail        |       |    16 ||    16
Dodge: Dodged            |    72 |    55 ||   127
